Unix NetHack Version 5.0.0-0 post-release - last build Jun 10 2026 00:39:30 (3ee93aec679c4c4259841fe613dc97188e26a321,branch:main).

Game began 2026-06-29 05:34:02, ended 2026-06-29 06:43:41.

Brudee, chaotic female human Rogue

                                 ----
                                 |..--
                                 |...|
         ----                    |..>|
     ----|..--                  --.---
     |<.||...|                  |..|
     --.#|..--              |...|..--
      --.|.--   ----       --^......|
       |...|    |..--      |..-----.|
       |..--    |...|      |.--
--------.)--    --.-|      |.|
|......._[.-- ----..|     --.|
--..---.....--|....--   -##..|
 |.----....[..|.------- #...--
 --- |..^...........).--#.*#-
     --............--%.)|.|
      |............||.....|
       --.........--|...[.|
        ---...|..    ..----
           ..--       -

Brudee the Rogue        St:11 Dx:17 Co:14 In:11 Wi:11 Ch:13  Chaotic S:5773
Dlvl:8  $:0  HP:0(50) Pw:33(33) AC:10 Xp:7/1197 T:4058 

Latest messages:
 The snake bites!
 The snake strikes at thin air!
 You see here a heavy iron ball (chained to you).
 The snake snaps wildly and misses!
 You have trouble lifting a heavy iron ball (chained to you).  Continue? [ynq] (q) y
 You have trouble lifting f - a heavy iron ball (chained to you).
 You rebalance your load.  Movement is difficult.
 Your load is too heavy to climb the stairs.
 Your load is too heavy to climb the stairs.
 What do you want to use or apply? [iY or ?*] i
 You drop a heavy iron ball (chained to you).
 Your movements are now unencumbered.
 With great effort, you climb up the stairs.
 You hear rumbling in the distance.
 You hear rumbling in the distance.
 You hear rumbling in the distance.
 A dagger misses you.
 You hear rumbling in the distance.
 What do you want to take off? [kw or ?*] ?
 Suddenly you can see yourself.
 You were wearing an uncursed very burnt +0 cloak of invisibility.
 What do you want to take off? [tw or ?*] w
 You finish taking off your boots.
 What do you want to use or apply? [iY or ?*] i
 You put 99 gold pieces into the bag called HOLDING.
 You put 23 +0 daggers into the bag called HOLDING.
 You put a +0 pair of riding boots into the bag called HOLDING.
 You put an uncursed very burnt +0 cloak of invisibility into the bag called HOLDING.
 You cannot stash something you are wearing.
 That would be an interesting topological exercise.
 You cannot stash something you are wearing.
 You put a white gem into the bag called HOLDING.
 You finish taking off your suit.
 Really step onto that polymorph trap? [yn] (n) n
 You are hit by a poisoned crude arrow.
 You stop waiting.
 You are hit by a poisoned crude arrow.
 What do you want to use or apply? [iY or ?*] i
 k - an uncursed very burnt +0 cloak of invisibility.
 What do you want to wear? [kt or ?*] k
 Suddenly you cannot see yourself.
 You are now wearing a cloak of invisibility.
 You are hit by a poisoned crude arrow.
 You are hit by a poisoned crude arrow.
 You die...
 Do you want your possessions identified? [ynq] (y) y
 Do you want to see your attributes? [ynq] (y) y
 Do you want an account of creatures vanquished? [ynaq] (y) y
 Do you want to see your conduct and achievements? [ynq] (y) y
 Do you want to see the dungeon overview? [ynq] (y) y

Inventory:
 Armor    ('[')
  k - an uncursed very burnt +0 cloak of invisibility (being worn)
  t - an uncursed +3 elven mithril-coat
 Tools    ('(')
  i - an uncursed bag of holding containing 33 items
  Y - an uncursed pair of lenses (being worn)

Contents of the bag of holding:
  485 gold pieces
  23 +0 daggers
  2 +0 orcish daggers
  an uncursed fireproof +0 pair of jumping boots
  an uncursed +0 cloak of displacement
  4 uncursed food rations
  a cursed pancake
  2 uncursed tripe rations
  an uncursed scroll of blank paper
  an uncursed spellbook of healing
  4 uncursed potions of water
  a cursed ring of invisibility
  a cursed ring of polymorph
  an uncursed ring of regeneration
  an uncursed ring of shock resistance
  an empty uncursed sack
  a fire horn (0:4)
  an uncursed lock pick
  a cursed magic marker (0:70)
  an uncursed oil lamp
  a +0 pick-axe
  a cursed stethoscope
  an uncursed tin whistle
  an uncursed tin whistle
  a cursed tin whistle
  a cursed towel
  an uncursed dilithium crystal
  3 uncursed opals
  2 uncursed worthless pieces of blue glass
  2 uncursed worthless pieces of red glass
  2 uncursed worthless pieces of white glass
  an uncursed worthless piece of yellow glass
  an uncursed luckstone

Brudee the Rogue's attributes:

Background:
 You were a Rogue, level 7 female human.
 You were chaotic, on a mission for Kos
 who was opposed by Issek (lawful) and Mog (neutral).
 You were right-handed.
 You were in the Gnomish Mines, on level 8.
 You entered the dungeon 4058 turns ago.
 There was a full moon in effect when your adventure ended.
 You had 1197 experience points, 83 more were needed to attain level 8.
 Your score was 5773 before end-of-game adjustments.

Basics:
 You had 0 out of 50 hit points.
 You had all 33 energy points (spell power).
 Your armor class was 10.
 Your wallet was empty, but
 you had 485 zorkmids stashed away in your pack.
 Autopickup was on for '$!=+?/"' plus thrown.

Final Characteristics:
 Your strength was 11 (limit:18/100).
 Your dexterity was 17 (limit:18).
 Your constitution was 14 (limit:18).
 Your intelligence was 11 (limit:18).
 Your wisdom was 11 (limit:18).
 Your charisma was 13 (limit:18).

Final Status:
 You were chained to a heavy iron ball.
 You weren't hungry.
 You were unencumbered.
 You were bare handed.
 You were unskilled in bare handed combat.

Final Attributes:
 You were piously aligned.
 You were telepathic.
 You were invisible.
 You were stealthy.
 You were warded.
 You were fast.
 You were lucky.
 You are dead.

Miscellaneous:
 You didn't encounter any bones levels.
 Total elapsed playing time was 1 hour, 9 minutes and 38 seconds.

Major events:
 Turn
    1: Brudee the chaotic female human Rogue entered the dungeon
  279: entered the Gnomish Mines
 1028: attained the rank of Cutpurse (level 3)
 1806: reached Mine Town
 1867: attained the rank of Rogue (level 6)
 4058: killed by an orcish arrow, while dragging an iron ball

Spells:
 Name                 Level Category     Fail Retention
 stone to flesh         3   healing      100%  76%-100%
 healing                1   healing       44%  76%-100%

Skills:
 Fighting Skills
   bare handed combat [Unskilled]
   two weapon combat  [Unskilled]
   riding             [Unskilled]
 Weapon Skills
   dagger             [Expert]
   knife              [Unskilled]
   short sword        [Basic]
   broadsword         [Unskilled]
   long sword         [Unskilled]
   two-handed sword   [Unskilled]
   saber              [Unskilled]
   club               [Unskilled]
   mace               [Unskilled]
   morning star       [Unskilled]
   flail              [Unskilled]
   hammer             [Unskilled]
   polearms           [Unskilled]
   spear              [Unskilled]
   crossbow           [Unskilled]
   dart               [Unskilled]
   shuriken           [Unskilled]
 Spellcasting Skills
   divination spells  [Unskilled]
   escape spells      [Unskilled]
   matter spells      [Unskilled]

Voluntary challenges:
 Character rerolling was not enabled.
 You never genocided any monsters.
 You never polymorphed an object.
 You never changed form.
 You used no wishes.
Achievements:
 You entered the Gnomish Mines.
 You entered a shop.
 You attained the rank of Cutpurse.
 You entered Minetown.
 You attained the rank of Rogue.
 You entered a temple.

 The Dungeons of Doom: levels 1 to 4
    Level 1:
       A sink.
    Level 2:
       A fountain, a grave.
       Stairs down to The Gnomish Mines.
    Level 3:
    Level 4:
       A general store, a fountain.
 The Gnomish Mines: levels 3 to 9
    Level 3:
    Level 4:
    Level 5:
       Many shops, a temple and an altar, some fountains.
    Level 6:
    Level 7:
    Level 8: <- You were here.
       Final resting place for
          you, killed by an orcish arrow, while dragging an iron ball.
    Level 9:


Vanquished creatures:
  a tengu
  a dust vortex
  2 ravens
 an ape
  a soldier ant
  2 rock piercers
  a rock mole
  a fog cloud
  a yellow light
  7 gnome leaders
  4 gnomish wizards
  a little dog
  2 floating eyes
 13 dwarves
  4 rothes
  a centipede
  a giant bat
  a wererat
  4 hobbits
  a large kobold
  a hobgoblin
  a giant rat
  a cave spider
  a brown mold
  a yellow mold
  a green mold
 49 gnomes
  6 garter snakes
  a gnome zombie
  2 geckos
  4 jackals
  a fox
  4 goblins
 10 grid bugs
  a lichen
  3 newts
137 creatures vanquished.

No species were genocided or became extinct.

Game over:
                       ----------
                      /          \
                     /    REST    \
                    /      IN      \
                   /     PEACE      \
                  /                  \
                  |      Brudee      |
                  |      485 Au      |
                  |   killed by an   |
                  |   orcish arrow   |
                  |                  |
                  |                  |
                  |       2026       |
                 *|     *  *  *      | *
        _________)/\\_//(\/(/\)/\//\/|_)_______

Goodbye Brudee the Rogue...

You died in The Gnomish Mines on dungeon level 8 with 5725 points,
and 485 pieces of gold, after 4058 moves.
You were level 7 with a maximum of 50 hit points when you died.

